 Dungeon Crawl Stone Soup version 0.13-a0-2537-g1f6edf4 (webtiles) character file.

327 Rycklaryybbe the Insei (level 5, -1/42 HPs)
             Began as a Demigod Monk on July 27, 2013.
             Slain by Dowan
             ... wielding a +0,+0 elven short sword
              (2 damage)
             ... on Level 4 of the Dungeon.
             The game lasted 00:06:08 (3904 turns).

Rycklaryybbe the Insei (Demigod Monk)               Turns: 3904, Time: 00:06:08

HP  -1/42        AC  5     Str 15      XL: 5   Next: 26%
MP   8/8         EV 14     Int 16      God:
Gold 124         SH  0     Dex 18      Spells:  0 memorised,  4 levels left

Res.Fire  : . . .   See Invis. : .     - Unarmed
Res.Cold  : . . .   Warding    : .   q - +1 robe
Life Prot.: . . .   Conserve   : .   (no shield)
Res.Poison: .       Res.Corr.  : .   (no helmet)
Res.Elec. : .       Clarity    : .   l - +0 cloak
Sust.Abil.: . .     Spirit.Shd : .   (no gloves)
Res.Mut.  : .       Stasis     : .   i - +0 pair of elf boots
Res.Rott. : .       Flight     : .   (no amulet)
Saprovore : . . .                    (no ring)
                                     r - +1 ring of evasion

@: slowed, very slow, slightly resistant to hostile enchantments, stealthy
A: no striking features
a: no special abilities


You were on level 4 of the Dungeon.
You were near starving.

You visited 1 branch of the dungeon, and saw 4 of its levels.

You collected 124 gold pieces.

Inventory:

Armour
 a - a +0 robe
 i - a +0 pair of elven boots (worn)
 l - a +0 cloak (worn)
 q - a +1 robe (worn)
Comestibles
 b - a bread ration
 c - 2 meat rations
 h - an apple
 j - a snozzcumber
 o - a pear
Scrolls
 d - 2 scrolls of remove curse
 e - a scroll of fog {unknown}
 f - 2 scrolls of teleportation {unknown}
 g - a scroll of blinking {unknown}
 k - 8 scrolls of identify {unknown}
 m - a scroll of magic mapping {unknown}
Jewellery
 r - a +1 ring of evasion (left hand)
Potions
 n - a potion of brilliance


   Skills:
 - Level 2.6 Fighting
 - Level 2.6 Dodging
 - Level 1.7 Stealth
 + Level 6.2 Unarmed Combat


You had 4 spell levels left.
You didn't know any spells.

Dungeon Overview and Level Annotations

Branches:
Dungeon (4/27)             Temple (0/1) D:4

Shops:
D:4: [

Annotations
D:4 Dowan


Message History

Dowan gestures at you while chanting. The shard of ice hits you!
* * * LOW HITPOINT WARNING * * *
Dowan hits you with an elven short sword.
* * * LOW HITPOINT WARNING * * *
Drink which item? (? for menu, Esc to quit)
You feel yourself slow down.
It was a potion of slowing.
Dowan closely misses you. 2 orcs come into view.
Read which item? (? for menu, Esc to quit)
Okay, then.
You hit Dowan. Your punch misses Dowan.
Dowan is heavily wounded.
Dowan barely misses you.
The orc moves out of view.
Dowan closely misses you.
You closely miss Dowan.
Dowan is heavily wounded.
Dowan points at you and mumbles some strange words.
The stone arrow misses you.
Dowan hits you with an elven short sword.
You die...

.#.#.#......###.###
#.>.#......# #.#
.#.#.#..#..####.#
#.#.#...#.%.....#
.#.#.......#....#
................#
#........#......#########
###.#....).#...#)..oo....
#............#@##..#.#. #
####.##.##.###e# #.. #
#.##.##⌠.⌠#.# .. #
#.......∩.#.# .#.#. #
###...#⌠.⌠#.##......# #
#...#####..)......# #
#...# ####.###### # #...#
# # ######.%.#####


You could see Dowan and 2 orcs.

Vanquished Creatures
  Duvessa (D:4)
  2 adders
  3 gnolls (D:2)
  A worm (D:4)
  4 giant geckos
  An ooze (D:2)
  An orc (D:4)
  2 ball pythons
  6 bats
  2 bat skeletons (D:4)
  4 giant cockroaches
  10 goblins
  8 hobgoblins
  4 jackals (D:1)
  14 kobolds
  5 giant newts
  4 rats
72 creatures vanquished.

Notes
Turn   | Place    | Note
--------------------------------------------------------------
     0 | D:1      | Rycklaryybbe, the Demigod Monk, began the quest for the Orb.
     0 | D:1      | Reached XP level 1. HP: 17/17 MP: 2/2
    86 | D:1      | Reached skill level 4 in Unarmed Combat
   346 | D:1      | Reached XP level 2. HP: 11/24 MP: 3/3
  1342 | D:2      | Found a glowing golden altar of the Shining One.
  1424 | D:2      | Reached XP level 3. HP: 29/29 MP: 5/5
  2062 | D:2      | Reached skill level 5 in Unarmed Combat
  2240 | D:2      | HP: 1/29 [gnoll/whip (7)]
  2241 | D:2      | Reached XP level 4. HP: 1/37 MP: 7/7
  3790 | D:4      | Found Jeatwen's Antique Armour Shoppe.
  3805 | D:4      | Found a staircase to the Ecumenical Temple.
  3871 | D:4      | Noticed Dowan
  3873 | D:4      | Noticed Duvessa
  3886 | D:4      | Killed Duvessa
  3886 | D:4      | Reached skill level 6 in Unarmed Combat
  3886 | D:4      | Reached XP level 5. HP: 27/42 MP: 8/8
  3901 | D:4      | HP: 2/42 [Dowan/shard of ice (15)]
  3904 | D:4      | Slain by Dowan

Action                   |  1- 3 |  4- 6 || total
-------------------------+-------+-------++-------
Melee: Unarmed           |   177 |    98 ||   275
  Use: Scroll            |     2 |       ||     2
       Potion            |       |     5 ||     5
 Stab: Sleeping          |     5 |     5 ||    10
